 Dungeon Crawl Stone Soup version 0.29.1-15-g9cfb28693d (webtiles) character file.

Game seed: 7259312199778462197

573 hawla the Magician (level 7, -1/51 HPs)
             Began as a Meteoran Fire Elementalist on Feb 22, 2023.
             Was an Initiate of Vehumet.
             Killed from afar by an orc wizard (4 damage)
             ... with a puff of flame
             ... on level 5 of the Dungeon.
             The game lasted 00:06:46 (898 turns).

hawla the Magician (Meteoran Fire Elementalist)      Turns: 898, Time: 00:06:47

Health: -1/51      AC:  4    Str: 10    XL:     7   Next: 92%
Magic:  16/16      EV: 13    Int: 18    God:    Vehumet [......]
Gold:   57         SH:  0    Dex: 15    Spells: 10/17 levels left

rFire   . . .      SeeInvis .   (no weapon)
rCold   . . .      Faith    .   (no shield)
rNeg    . . .      Spirit   .   a - +0 robe
rPois   .          Reflect  .   (no helmet)
rElec   .          Harm     .   (no cloak)
rCorr   .          Rampage  .   (no gloves)
Will    .....                   h - +1 pair of boots
Stlth   +.........              (no amulet)
HPRegen 0.17/turn               (no ring)
MPRegen 0.15/turn               (no ring)

@: confused, very slightly contaminated, glowing
A: sense surroundings 1, otherworldly, glowing, explore regen
a: Renounce Religion


You were on level 5 of the Dungeon.
You worshipped Vehumet.
Vehumet was noncommittal.
You visited 2 branches of the dungeon, and saw 6 of its levels.

You collected 57 gold pieces.

Inventory:

Armour
 a - a +0 robe (worn)
 h - a +1 pair of boots (worn)
Jewellery
 e - a ring of fire
Potions
 k - a potion of invisibility


   Skills:
 + Level 0.5 Fighting
 + Level 3.1 Dodging
 - Level 1.4 Stealth
 + Level 5.9 Spellcasting
 + Level 5.3 Conjurations
 + Level 5.8 Fire Magic


You had 10 spell levels left.
You knew the following spells:

 Your Spells              Type           Power      Damage    Failure   Level
a - Foxfire               Conj/Fire      100%       2x1d9     1%          1
b - Scorch                Fire           52%        2d8       1%          2
c - Flame Wave            Conj/Fire      25%        2d8       12%         4

Your spell library contained the following spells:

 Spells                   Type           Power      Damage    Failure   Level
 Conjure Flame            Conj/Fire      25%        6-21      3%          3
 Inner Flame              Hex/Fire       15%        N/A       11%         3
 Iskenderun's Battlesphe  Conj           24%        2d8       36%         5
 Iron Shot                Conj/Erth      7%         9d2       99%         6
 Spellforged Servitor     Conj/Summ      7%         N/A       100%        7


Dungeon Overview and Level Annotations

Branches:
Dungeon (5/15) Zot: 2288   Temple (1/1) D:4 Zot: 399

Altars:
Ashenzari
Cheibriados
Elyvilon
Fedhas
Gozag
Hepliaklqana
Kikubaaqudgha
Qazlal
Sif Muna
Trog
Uskayaw
Vehumet
Wu Jian
Yredelemnul
The Shining One


Innate Abilities, Weirdness & Mutations

You passively map a small area around you.
You are easily found by Zot.
You glow in the dark.
You regain HP and MP as you explore.


Message History

The ogre is moderately wounded.
You finish channelling waves of flame.
You hear some strange, mumbled words.
A magic dart appears from out of thin air!
The magic dart hits you!
You aren't carrying any scrolls.
It was a potion of heal wounds.
You feel much better. Something hits you but does no damage.
The ogre barely misses you. Magic courses through your body.
You hear some strange, mumbled words.
You are confused.
You're too confused to cast spells.
Unknown command.
You're too confused to cast spells.
The ogre completely misses you.
You hear some strange, mumbled words.
A puff of flame appears from out of thin air!
The puff of flame hits you.
An ufetubus comes into view.
The ufetubus shouts!
Something hits you but does no damage.
The ogre hits you with a +0 giant club!!
* * * LOW HITPOINT WARNING * * *
You hear the sound of rushing water.
There is an entrance to a sewer on this level.
Hurry and find it before the portal rusts away!
Welcome back, hawla the Meteoran Fire Elementalist.
Vehumet says: Let it end in hellfire!
Press ? for a list of commands and other information.
You feel much better. Something hits you.
Deactivating autopickup; reactivate with Ctrl-A.
You nearly stumble into some lava!
The ogre hits you with a +0 giant club!!
* * * LOW HITPOINT WARNING * * *
Something hits you.
* * * LOW HITPOINT WARNING * * *
Unknown command.
You hear some strange, mumbled words.
A puff of flame appears from out of thin air!
The puff of flame hits you.
You die...

* ,, ... #.......#
#.........#...)†..# .
.##.....♣♣..#....o..#
, ..
,...._..♣♣....##O.###
* *#.,
..........#.###.# ,
#.., #........#.###.#
#..##..≈≈...#......#~*
#......≈≈J5.#...J..#
*#...@.Or.o...#.##.#
###...{†######.##.#
######.# #.##.#~ *.#
#.##.#~ *.# #.##.#~ ,
.# #.##.# .# #.# .#
*.#


You could see an ogre, a jelly, an orc, an ufetubus and a quokka.

Vanquished Creatures
  Sigmund (D:5)
  An ogre (D:4)
  A necrophage (D:5)
  A scorpion (D:4)
  A howler monkey (D:5)
  2 hounds
  An iguana (D:4)
  A scorpion zombie (D:3)
  3 adders
  A worm (D:2)
  An orc (D:3)
  2 bats
  An endoplasm (D:2)
  2 giant cockroaches
  3 goblins
  6 hobgoblins
  5 jackals
  A ball python zombie (D:3)
  A frilled lizard (D:2)
  3 kobolds
38 creatures vanquished.

Vanquished Creatures (others)
  82 foxfires
82 creatures vanquished.

Grand Total: 120 creatures vanquished

Notes
Turn   | Place    | Note
-------+----------+-------------------------------------------
     0 | D:1      | hawla the Meteoran Fire Elementalist began the quest for
                  | the Orb.
     0 | D:1      | Reached XP level 1. HP: 14/14 MP: 5/5
    65 | D:1      | Reached XP level 2. HP: 13/20 MP: 1/6
    75 | D:1      | Learned a level 2 spell: Scorch
   265 | D:2      | Reached XP level 3. HP: 26/26 MP: 1/8
   377 | D:3      | Reached XP level 4. HP: 28/33 MP: 1/10
   379 | D:3      | Found a basalt altar of Yredelemnul.
   475 | D:4      | Reached XP level 5. HP: 34/38 MP: 3/12
   487 | D:4      | Found a staircase to the Ecumenical Temple.
   497 | Temple   | Entered the Ecumenical Temple
   666 | Temple   | Became a worshipper of Vehumet
   711 | D:4      | Reached skill level 5 in Fire Magic
   755 | D:4      | Reached skill level 5 in Spellcasting
   759 | D:4      | Reached XP level 6. HP: 21/45 MP: 5/14
   764 | D:4      | Learned a level 4 spell: Flame Wave
   788 | D:4      | Noticed an ogre
   794 | D:4      | Killed an ogre
   855 | D:5      | Entered Level 5 of the Dungeon
   862 | D:5      | Noticed Sigmund
   867 | D:5      | Noticed an ogre
   869 | D:5      | Reached skill level 5 in Conjurations
   869 | D:5      | Reached XP level 7. HP: 30/50 MP: 2/15
   870 | D:5      | Killed Sigmund
   880 | D:5      | Found an ornate altar of the Wu Jian Council.
   896 | D:5      | HP: 2/51 [something (2)]
   898 | D:5      | Killed from afar by an orc wizard

Illustrated notes

Levels and vault maps discovered:
D:1:      scummos_arrival_gate, layout_basic,
          shapermc_ecumenical_altar_notcrosses, nrook_mini_backslash
D:2:      layout_basic, grunt_ministairs_2
D:3:      layout_rooms, lemuel_zombie_altar_yredelemnul
D:4:      layout_loops_cross, nicolae_ru_path_of_blood, temple_green,
          hangedman_decor_opposing
D:5:      layout_basic, nicolae_wu_jian_wuxing_cycle, portal_sewer_entry_d,
          st_stairs_11, uniq_sigmund, uniq_eustachio
Temple:   nicolae_temple_bog_church

Skill      XL: |  1  2  3  4  5  6  7 |
---------------+----------------------+-----
Fire Magic     | 4 5 |  5.8
Spellcasting   | 3 4 5 |  5.9
Conjurations   | 2 5 |  5.3
Dodging        | 3 |  3.1
Fighting       | |  0.5
Stealth        | |  1.4

Action                   |  1- 3 |  4- 6 |  7- 9 || total
-------------------------+-------+-------+-------++-------
Melee: Unarmed           |    17 |     7 |       ||    24
 Cast: Foxfire           |    31 |    20 |       ||    51
       Scorch            |     3 |    17 |       ||    20
       Flame Wave        |       |     1 |     1 ||     2
  Use: Scroll            |       |     6 |       ||     6
       Potion            |       |       |     3 ||     3
Armor: Robe              |    12 |     3 |     3 ||    18
Dodge: Dodged            |    16 |     9 |    13 ||    38
